Map: Interloper LE

Players

Snute

  • Race: Zerg Zerg
  • Spawn Location: 11:00

TYTY (TY) - Winner!

  • Race: Terran Terran
  • Spawn Location: 5:00

Event: 2017 WCS Global Finals

VOD

Have the link to the VOD?

Description

Time

  • Played on: Oct. 27, 2017, 1:40 p.m.
  • Length: 30:25

All games in this series

Show
View Real Time Build Order
Export as new Build Order

Snute Zerg 

Build Orders: Pool First, Brood Lord Corruptor 

Get SALT Encoding   

  12  0:00  Drone  
  13  0:12  Overlord  
  13  0:17  Drone  
  14  0:30  Drone x2  
  14  0:34  Drone  
  17  0:44  Spawning Pool  
  17  0:48  Drone  
  17  1:08  Hatchery  
  17  1:11  Drone  
  17  1:14  Drone  
  17  1:16  Extractor  
  17  1:19  Drone  
  18  1:30  Queen  
  18  1:32  Zergling x2  
  21  1:39  Overlord  
  21  1:49  Drone  
  23  2:01  Drone  
  23  2:06  Queen  
  25  2:10  Drone  
  26  2:16  Metabolic Boost  
  26  2:20  Queen, Drone  
  29  2:23  Drone  
  29  2:30  Drone  
  29  2:32  Drone  
  31  2:37  Overlord  
  31  2:38  Drone x2  
  31  2:41  Drone  
  34  2:44  Drone  
  35  2:57  Hatchery  
  34  3:01  Zergling x4  
  34  3:03  Zergling x2  
  37  3:06  Overlord  
  37  3:10  Zergling x4  
  37  3:12  Zergling x2  
  40  3:14  Zergling x2  
  40  3:16  Drone  
  40  3:17  Drone  
  43  3:21  Overlord  
  43  3:28  Drone x2  
  43  3:30  Drone  
  46  3:34  Queen  
  46  3:37  Overlord  
  46  3:41  Queen  
  50  3:50  Drone x5  
  50  3:52  Drone  
  50  3:53  Drone  
  57  4:01  Zergling x4  
  59  4:07  Zergling x2  
  59  4:08  Queen  
  62  4:10  Queen  
  62  4:13  Zergling x2  
  62  4:14  Zergling x2  
  66  4:17  Overlord  
  66  4:23  Drone x2  
  67  4:27  Drone  
  67  4:28  Drone x5  
  67  4:31  Drone  
  73  4:36  Drone x2  
  75  4:40  Drone  
  75  4:41  Drone x2  
  75  4:44  Drone  
  75  4:45  Drone  
  80  4:49  Overlord  
  80  4:53  Drone x2  
  80  4:57  Evolution Chamber, Drone  
  80  4:59  Extractor  
  81  5:00  Evolution Chamber, Drone x3, Extractor  
  81  5:01  Extractor  
  81  5:02  Extractor, Drone x2  
  81  5:03  Extractor, Drone  
  82  5:08  Queen  
  82  5:15  Spore Crawler  
  82  5:16  Drone x3  
  80  5:28  Drone x4  
  80  5:29  Drone  
  80  5:33  Drone x3  
  84  5:35  Zerg Missile Weapons Level 1, Zerg Ground Armor Level 1  
  84  5:41  Drone x5  
  84  5:42  Drone x2  
  89  5:47  Spore Crawler, Lair  
  89  5:49  Drone  
  89  5:56  Overlord  
  89  6:10  Queen, Roach Warren, Hatchery  
  89  6:13  Queen, Overlord  
  91  6:28  Overlord x5  
  91  6:29  Zergling x2  
  91  6:30  Zergling x8  
  96  6:38  Overlord  
  96  6:41  Overlord  
  96  6:42  Overlord  
  96  6:44  Zergling x2  
  96  6:45  Zergling x16  
  105  6:47  Queen x2  
  105  6:50  Glial Reconstitution  
  105  6:53  Roach x2  
  113  6:55  Roach x2  
  113  6:59  Infestation Pit  
  113  7:00  Roach  
  113  7:01  Roach  
  120  7:04  Roach x2  
  124  7:09  Roach x3  
  129  7:17  Roach  
  129  7:18  Roach x3  
  133  7:32  Zerg Missile Weapons Level 2, Zerg Ground Armor Level 2  
  133  7:33  Drone x3  
  136  7:45  Roach x3  
  136  7:46  Roach x8  
  158  7:53  Hive  
  158  7:54  Burrow  
  158  7:56  Infestor  
  160  8:01  Infestor x2  
  160  8:04  Overlord  
  163  8:06  Infestor  
  165  8:14  Extractor  
  165  8:18  Extractor  
  161  8:23  Spore Crawler  
  160  8:27  Ravager x4  
  162  8:55  Roach x5  
  172  8:57  Infestor x3  
  166  9:10  Drone, Spire  
  166  9:11  Drone x3  
  166  9:13  Overlord x2, Drone x3  
  166  9:14  Drone x4  
  176  9:18  Overlord  
  176  9:22  Spore Crawler, Overlord  
  176  9:23  Spore Crawler  
  174  9:26  Overlord  
  174  9:30  Ravager x2  
  172  9:48  Zerg Missile Weapons Level 3, Zerg Ground Armor Level 3  
  163  10:05  Roach  
  163  10:06  Roach x11  
  187  10:18  Ravager  
  187  10:19  Ravager  
  156  10:29  Roach x16  
  156  10:35  Roach  
  163  10:38  Queen x3  
  163  10:39  Queen  
  163  10:40  Infestor x3  
  157  10:45  Roach  
  157  10:47  Roach x3  
  157  10:49  Ravager x2  
  161  10:50  Ravager x3  
  161  10:51  Ravager x2  
  161  10:52  Ravager  
  161  10:53  Roach x3  
  170  11:11  Drone x5  
  163  11:13  Queen  
  163  11:14  Spore Crawler  
  163  11:17  Greater Spire  
  163  11:19  Roach  
  163  11:20  Roach x3  
  163  11:24  Spore Crawler  
  170  11:30  Ravager  
  171  11:33  Corruptor x4  
  171  11:36  Infestor x2  
  171  11:37  Infestor  
  179  11:40  Corruptor x2  
  183  11:51  Ravager  
  183  11:52  Ravager  
  183  11:53  Queen x3  
  191  12:14  Hatchery  
  186  12:31  Brood Lord x6  
  191  12:40  Roach  
  191  12:41  Roach x3  
  175  13:02  Roach x11  
  193  13:15  Ravager x2  
  193  13:16  Ravager  
  196  13:24  Corruptor  
  196  13:25  Corruptor x5  
  198  13:37  Pathogen Glands  
  198  13:38  Zerg Flyer Armor Level 1  
  198  13:39  Zerg Melee Weapons Level 1  
  198  14:02  Hatchery  
  198  14:05  Corruptor x2, Hatchery  
  198  14:38  Spore Crawler  
  198  14:40  Spore Crawler  
  198  14:42  Brood Lord  
  198  14:48  Corruptor  
  200  14:52  Adrenal Glands  
  200  14:56  Ultralisk Cavern  
  197  15:13  Roach  
  197  15:14  Roach x7  
  188  15:15  Queen x3  
  192  15:22  Queen  
  187  15:35  Hatchery  
  180  15:36  Roach  
  180  15:37  Roach x3  
  180  15:39  Brood Lord, Infestor  
  180  15:40  Infestor x2  
  180  15:42  Chitinous Plating  
  196  15:47  Extractor  
  196  15:48  Extractor  
  194  15:51  Queen x3  
  200  16:01  Hatchery  
  173  16:09  Queen  
  153  16:16  Roach x8  
  153  16:17  Corruptor x4  
  166  16:26  Queen  
  164  16:33  Drone  
  164  16:34  Drone x2  
  164  16:35  Drone x2  
  164  16:36  Drone x2  
  164  16:37  Drone x3  
  174  16:45  Ravager  
  174  16:46  Ravager x5  
  180  17:17  Hatchery  
  166  17:26  Roach  
  143  17:33  Ultralisk  
  143  17:34  Ultralisk x2  
  161  17:42  Ultralisk  
  167  17:47  Ultralisk  
  172  18:06  Ultralisk  
  172  18:07  Ultralisk  
  170  18:24  Ultralisk x2  
  178  18:36  Roach  
  178  18:37  Roach x2  
  178  18:40  Spore Crawler  
  172  18:55  Queen x3  
  164  19:00  Infestor x3  
  174  19:05  Infestor  
  174  19:09  Zergling x8  
  180  19:10  Zergling x2  
  167  19:30  Drone  
  167  19:31  Drone x6  
  171  19:32  Drone x3  
  171  19:36  Queen x2  
  181  19:39  Ravager x2  
  177  20:10  Zergling x8  
  177  20:11  Spore Crawler x2  
  179  20:19  Corruptor x2  
  183  20:30  Drone x2  
  183  20:31  Drone x2  
  183  20:33  Queen x3  
  183  20:34  Queen  
  184  21:05  Extractor  
  184  21:06  Extractor  
  184  21:09  Ravager  
  184  21:10  Corruptor  
  184  21:11  Corruptor x3  
  191  21:21  Drone x5  
  191  21:23  Spore Crawler x2, Drone  
  191  21:24  Spore Crawler, Drone x5  
  191  21:25  Spore Crawler x2  
  197  21:26  Spore Crawler  
  196  21:45  Brood Lord x2  
  187  22:00  Brood Lord  
  189  22:02  Zergling x2  
  189  22:03  Zergling x20  
  200  22:14  Brood Lord  
  200  22:17  Spore Crawler  
  200  22:18  Spore Crawler  
  200  22:19  Spore Crawler  
  200  22:20  Spore Crawler x4  
  193  22:24  Zergling x12  
  197  22:30  Roach x2  
  197  22:31  Spore Crawler x2  
  180  22:46  Brood Lord x2, Zergling x2  
  180  22:47  Zergling x28  
  180  22:50  Zerg Melee Weapons Level 2  
  198  23:03  Corruptor  
  198  23:04  Corruptor x2  
  167  23:20  Ravager x2  
  167  23:23  Queen x2  
  161  23:39  Hatchery  
  136  23:43  Infestor  
  136  23:44  Infestor  
  119  23:58  Brood Lord x2  
  121  24:03  Viper  
  107  24:17  Zergling x2  
  107  24:18  Zergling x6  
  107  24:20  Zergling x32  
  121  24:36  Queen x2  
  119  24:57  Queen x2  
  113  25:13  Infestor x2  
  113  25:14  Infestor  
  117  25:15  Roach x3  
  117  25:16  Roach x2  
  127  25:27  Infestor x2  
  131  25:36  Ravager x3  
  134  25:44  Ravager  
  135  26:08  Zerg Melee Weapons Level 3  
  135  26:11  Queen x2  
  132  26:12  Drone x5  
  132  26:13  Drone  
  132  26:42  Drone x5  
  132  26:43  Corruptor x3  
  133  26:47  Extractor  
  133  26:48  Extractor  
  82  28:10  Drone x14  
  74  28:20  Roach x5  
  74  28:23  Zergling x2  
  74  28:24  Zergling x14  
  87  28:37  Roach  
  89  28:43  Ravager  
  82  29:17  Ravager x2  
  84  29:28  Ravager  
  84  29:37  Hatchery  
  83  29:52  Zergling x30  
  83  30:03  Zergling x6  
Show
View Real Time Build Order
Export as new Build Order

TYTY Terran - Winner!

Build Orders: Liberator Opening, Bio Tank 

Get SALT Encoding   

  12  0:00  SCV  
  13  0:12  SCV  
  14  0:18  Supply Depot  
  14  0:25  SCV  
  15  0:40  SCV  
  15  0:42  Barracks  
  16  0:45  Refinery  
  16  0:52  SCV  
  17  1:04  SCV  
  18  1:16  SCV  
  19  1:29  Marine  
  19  1:30  Orbital Command  
  20  1:41  Command Center  
  20  1:48  Marine  
  21  1:55  Factory  
  21  1:58  SCV  
  22  2:05  Supply Depot  
  22  2:09  Barracks Reactor  
  22  2:12  SCV  
  23  2:17  Refinery  
  23  2:27  SCV  
  24  2:39  SCV  
  24  2:42  Starport  
  25  2:50  Hellion x2  
  30  2:51  SCV  
  30  2:52  Marine  
  31  2:58  Orbital Command  
  31  3:03  SCV  
  32  3:12  Cyclone  
  35  3:15  SCV  
  35  3:17  Hellion  
  38  3:22  Medivac  
  38  3:24  SCV  
  41  3:29  Supply Depot  
  41  3:31  SCV  
  42  3:36  SCV  
  42  3:37  Supply Depot  
  42  3:39  Liberator  
  42  3:41  Barracks Tech Lab  
  43  3:44  SCV  
  43  3:46  Hellion  
  46  3:51  SCV  
  47  3:56  SCV  
  47  3:59  Hellion  
  53  4:03  Supply Depot  
  53  4:05  SCV  
  53  4:08  Hellion  
  53  4:09  SCV  
  58  4:17  SCV  
  58  4:21  SCV  
  57  4:29  SCV  
  54  4:33  Stimpack, SCV  
  54  4:35  Command Center  
  55  4:39  Hellion  
  55  4:40  Hellion  
  55  4:44  SCV  
  55  4:45  SCV, Marine  
  62  4:56  SCV  
  62  4:58  SCV  
  64  5:02  Marine  
  64  5:03  Barracks  
  64  5:04  Barracks  
  65  5:08  SCV  
  65  5:10  Engineering Bay, Factory Reactor  
  65  5:14  SCV, Engineering Bay  
  67  5:19  Starport Reactor  
  67  5:20  SCV, Marine  
  69  5:26  SCV  
  70  5:32  SCV  
  70  5:33  Refinery  
  70  5:34  Refinery  
  66  5:38  SCV, Marine  
  68  5:44  Terran Infantry Weapons Level 1, SCV  
  68  5:46  Terran Infantry Armor Level 1  
  68  5:47  Barracks x2  
  61  5:50  Orbital Command, SCV  
  61  5:56  SCV, Factory Tech Lab, Marine  
  64  6:00  Marine x3  
  64  6:01  Medivac x2  
  64  6:03  SCV  
  72  6:07  Orbital Command  
  72  6:08  SCV  
  72  6:09  Marine  
  74  6:14  Marine  
  74  6:15  Supply Depot, Siege Tank  
  74  6:17  Marine  
  74  6:18  Marine x2  
  81  6:20  Liberator  
  81  6:21  SCV x2  
  83  6:27  Marine  
  83  6:31  Marine  
  83  6:32  Refinery  
  85  6:34  Barracks Reactor  
  85  6:37  Medivac, Supply Depot, Barracks Reactor, SCV x3  
  93  6:47  Combat Shields  
  93  6:48  Supply Depot  
  93  6:50  Supply Depot  
  93  6:54  Refinery, Supply Depot  
  93  6:59  Factory, SCV x3  
  96  7:08  Marine x3  
  98  7:11  SCV x3  
  98  7:14  Medivac, Siege Tank  
  101  7:23  SCV x3  
  101  7:26  Medivac  
  101  7:27  Marine x3  
  101  7:28  Marine x2  
  109  7:30  Supply Depot  
  109  7:33  Armory  
  109  7:35  SCV x3  
  112  7:46  Factory Tech Lab  
  112  7:47  SCV x3, Siege Tank  
  112  7:48  Marine x4  
  112  7:51  Medivac  
  124  7:52  Supply Depot x2  
  124  7:57  Marine x3  
  124  7:58  Marine x2  
  131  8:05  Marine x2  
  131  8:13  Supply Depot, Siege Tank  
  131  8:14  Command Center  
  131  8:16  Marine  
  131  8:17  Marine x5  
  136  8:20  SCV x3  
  136  8:23  Terran Infantry Weapons Level 2, Terran Infantry Armor Level 2  
  136  8:24  Marine  
  136  8:25  Marine x2  
  142  8:28  Terran Vehicle Weapons Level 1  
  142  8:29  Siege Tank  
  145  8:34  Medivac, Marine  
  145  8:37  Marine x3  
  153  8:47  Siege Tank  
  156  8:49  SCV  
  156  8:50  Supply Depot, SCV x2  
  154  8:56  Liberator x2  
  154  8:59  Marine x2  
  155  9:09  Sensor Tower  
  155  9:10  Missile Turret  
  155  9:11  Siege Tank  
  155  9:12  Barracks x2  
  155  9:16  Barracks  
  165  9:20  Supply Depot  
  165  9:21  Supply Depot  
  164  9:27  Supply Depot x2  
  164  9:29  Siege Tank  
  164  9:30  Marine x2  
  164  9:31  Marine x2  
  171  9:34  Orbital Command  
  171  9:44  Marine x2  
  171  9:45  Marauder, Marine x2  
  165  9:48  Marine x4  
  165  9:49  SCV x2  
  165  9:52  SCV  
  172  10:00  Marine x2  
  172  10:01  SCV  
  172  10:02  Marine x4  
  172  10:06  SCV x2, Marine  
  172  10:07  Medivac x2, Siege Tank x2  
  184  10:11  Marine x4  
  190  10:22  Marine x4  
  190  10:26  Marine x2  
  183  10:29  Marine x2  
  183  10:34  Marine x2  
  183  10:35  Marauder  
  164  10:39  Siege Tank  
  164  10:40  Marine x4  
  164  10:41  Terran Infantry Weapons Level 3, Terran Infantry Armor Level 3  
  164  10:47  Marine x2  
  164  10:48  Liberator  
  168  10:52  Marine x2  
  168  10:55  Marine  
  168  10:59  Barracks Tech Lab x2  
  168  11:00  Siege Tank  
  161  11:06  Marine x4  
  162  11:11  Siege Tank  
  162  11:19  Refinery, Marine x4  
  162  11:20  Marauder x2, Marine  
  162  11:21  Refinery  
  162  11:24  Orbital Command  
  171  11:26  SCV x3  
  171  11:28  Missile Turret  
  171  11:31  Widow Mine  
  176  11:35  Missile Turret  
  176  11:36  Marine x2  
  176  11:37  Marine x4  
  182  11:43  Widow Mine, SCV x2  
  186  11:50  Missile Turret x2  
  186  11:51  Medivac x2  
  190  11:57  Refinery  
  190  11:58  Refinery, SCV x3  
  190  12:00  Siege Tank  
  196  12:02  Marauder x2  
  196  12:08  Terran Vehicle Weapons Level 2  
  200  12:18  Starport  
  200  12:20  Siege Tank  
  200  12:22  Medivac  
  194  12:23  Marine x4  
  194  12:26  Marine x3  
  198  12:30  Marauder, Marine  
  198  12:32  Siege Tank  
  198  12:36  Marine x2  
  197  12:41  Marine x2  
  197  12:42  Medivac  
  198  12:48  Marine x3  
  200  12:55  Command Center  
  200  12:58  Command Center  
  193  12:59  Medivac  
  193  13:00  Marine x6  
  193  13:01  Marauder  
  187  13:06  Starport Reactor  
  187  13:07  SCV x2  
  187  13:08  SCV  
  183  13:17  Marauder, Marine x4  
  183  13:18  Marauder  
  193  13:26  Medivac  
  193  13:28  Marine x4  
  193  13:30  Marine  
  192  13:34  Marine x2  
  192  13:35  Marine x2  
  192  13:38  Marine  
  192  13:39  Marine  
  196  13:45  Marine x2  
  196  13:46  Marine x2  
  196  13:47  Viking x2  
  196  13:48  Viking  
  200  13:51  Armory  
  200  13:52  Marine  
  200  13:55  Marine  
  196  14:04  Viking  
  192  14:11  Missile Turret  
  192  14:12  Missile Turret  
  192  14:13  Marine x3  
  193  14:17  Viking  
  193  14:18  Marine x4  
  193  14:19  Marine x4  
  183  14:26  Viking x2  
  183  14:27  Siege Tank x2  
  193  14:32  Marine x3  
  193  14:34  Missile Turret  
  193  14:35  Barracks  
  193  14:36  Barracks, Planetary Fortress, Terran Ship Weapons Level 1, Marine  
  193  14:37  Orbital Command  
  197  14:38  Barracks  
  197  14:39  Viking  
  197  14:41  Marine  
  200  15:02  Marine x4  
  199  15:10  Marine x4  
  199  15:12  Viking x2  
  189  15:23  Viking x2, Marine x5  
  189  15:38  Barracks Reactor x2  
  186  15:45  Terran Vehicle And Ship Armor Level 1  
  186  15:46  Marauder x2, Marine x8, Barracks Tech Lab  
  186  15:47  Medivac x2  
  200  15:57  Marine  
  200  16:04  Medivac x2, Marine x9  
  162  16:05  Siege Tank x2  
  162  16:07  Marine x2  
  153  16:15  Marine  
  153  16:17  Marine x2  
  148  16:18  Marine x2  
  148  16:19  Medivac  
  148  16:20  Medivac  
  148  16:22  Marine x8  
  148  16:23  Marauder  
  148  16:25  Marine  
  165  16:26  Marauder, Concussive Shells  
  164  16:33  Marine  
  164  16:35  Marine x2  
  164  16:36  Marine x2  
  164  16:37  Siege Tank x2  
  164  16:39  Marine x2  
  175  16:40  Marine x6  
  175  16:42  Medivac x2  
  175  16:43  Marauder  
  175  16:44  Marauder  
  193  16:47  Marauder  
  193  16:49  Missile Turret  
  193  16:51  Sensor Tower, Command Center, Marauder  
  193  16:53  Terran Ship Weapons Level 2, Marine x2  
  197  16:54  Marine x2  
  197  16:57  Marine  
  195  17:18  Marine x4  
  195  17:19  Marine x4  
  195  17:20  Marine x6  
  183  17:23  Marine x2  
  183  17:24  Siege Tank  
  183  17:25  Siege Tank  
  183  17:26  Medivac  
  164  17:35  Marine x4  
  164  17:36  Marine x2  
  164  17:37  Marine x2  
  165  17:38  Marine x6  
  165  17:41  Marine x2  
  175  17:49  Viking x2  
  179  17:53  Marine x4  
  179  17:54  Marine x4  
  179  17:56  Marine x5  
  192  18:05  Marine x3  
  191  18:10  Viking x2  
  191  18:11  Marine x2  
  200  18:19  Marine x2, Siege Tank x2  
  193  18:21  Viking x2  
  193  18:24  Terran Vehicle Weapons Level 3  
  193  18:26  Marauder x2, Marine x3  
  191  18:34  Ghost Academy  
  191  18:38  Liberator x4  
  191  18:40  Marine x3  
  187  18:53  Marauder x2, Marine x3  
  198  19:07  Ghost  
  198  19:08  Ghost  
  193  19:14  Ghost x2  
  193  19:15  Ghost  
  184  19:19  Orbital Command  
  184  19:20  Liberator  
  180  19:36  Ghost, Planetary Fortress  
  185  19:39  Ghost  
  185  19:42  Ghost x2  
  185  19:44  Ghost  
  193  19:47  Liberator x2  
  193  19:49  Liberator  
  199  20:11  Ghost  
  199  20:12  Ghost  
  190  20:36  Liberator x2  
  190  20:38  Marauder x2, Marine x2  
  190  20:39  Liberator x2  
  175  20:43  Marauder x2, Marine x4  
  175  20:44  Marine x4  
  182  20:52  Marine  
  182  20:55  Missile Turret  
  182  20:56  Marine x2  
  196  20:59  Marine x2  
  196  21:00  Marine x2  
  196  21:01  Marine  
  196  21:04  Marauder, Marine x4  
  196  21:09  Orbital Command  
  200  21:16  Missile Turret x2  
  200  21:18  Refinery, Missile Turret x2  
  200  21:19  Refinery  
  200  21:28  Sensor Tower  
  161  21:55  Marine x4  
  161  21:57  Marauder x2  
  153  22:02  SCV x3  
  153  22:03  SCV  
  157  22:14  SCV x3  
  157  22:15  Orbital Command, SCV  
  161  22:16  Marauder x2, Marine x5  
  161  22:19  Refinery  
  161  22:20  Refinery  
  170  22:26  SCV x3  
  170  22:27  SCV, Marine x2  
  170  22:28  Missile Turret, Marine x2  
  168  22:38  SCV x2  
  168  22:42  Marauder x2, Marine x2  
  168  22:44  Orbital Command  
  173  22:46  Marine x2  
  173  22:47  Marauder x2  
  177  23:04  Marine x4  
  177  23:05  Marauder x2  
  179  23:08  SCV x2  
  175  23:21  Marine x3  
  177  23:39  Marine x3  
  177  23:40  Marine x2  
  170  23:41  Marine  
  170  23:43  Marine x2  
  170  23:45  Marine  
  170  23:46  Marine  
  170  23:48  Marine x4  
  160  24:00  Orbital Command  
  160  24:01  Medivac x2  
  162  24:04  Marine x4  
  162  24:06  Orbital Command  
  162  24:07  Marine  
  140  24:17  Marine x6  
  140  24:20  Marine  
  143  24:24  SCV x2  
  143  24:29  Medivac  
  145  24:32  Medivac  
  144  24:42  Medivac x2  
  141  24:56  Marine x2  
  141  24:57  Marine x4  
  141  24:58  Orbital Command  
  140  25:02  Medivac  
  133  25:09  Marine x4  
  133  25:11  Marine x4  
  133  25:12  SCV  
  144  25:16  Refinery  
  144  25:17  Orbital Command  
  144  25:18  Refinery  
  138  25:24  Marine x2  
  138  25:25  Medivac  
  138  25:26  Marine x4  
  138  25:27  Refinery  
  146  25:34  Marine x2  
  146  25:35  Marine x2  
  150  25:43  SCV x3  
  150  25:44  SCV  
  150  25:46  SCV x2  
  156  25:55  SCV x3  
  156  25:56  SCV  
  159  25:59  Terran Vehicle And Ship Armor Level 2  
  147  26:12  Marine x4  
  150  26:18  Medivac x2  
  150  26:25  Marauder, Marine x4  
  158  26:26  Marauder  
  162  26:34  Marine x4  
  162  26:36  Marine  
  162  26:39  Marine x2  
  158  26:55  Marine x6  
  162  27:02  Marine x3  
  167  27:12  Personal Cloaking  
  165  27:27  Orbital Command  
  161  27:55  Marine x2  
  161  27:56  Marine x4  
  161  27:57  Medivac  
  161  27:58  Medivac  
  157  27:59  Marine x4  
  157  28:02  Medivac x2  
  157  28:04  Marine x4  
  123  28:13  Marine x2  
  123  28:14  Marine x3  
  124  28:21  SCV  
  124  28:22  SCV  
  124  28:23  Marine x4  
  134  28:27  Medivac x2  
  134  28:31  Ghost x2  
  134  28:33  Ghost  
  136  28:35  Ghost  
  136  28:38  Marine x2  
  136  28:39  Marine x2  
  136  28:40  Marine x2  
  140  28:42  Marine x2  
  140  28:48  Marauder  
  144  28:52  Marine x2  
  144  28:56  Marine x2  
  144  28:58  Marine x2  
  148  29:07  Orbital Command  
  148  29:13  Marauder x2, Marine x2  
  154  29:20  Marine x2  
  154  29:21  Marine  
  155  29:30  Missile Turret  
  155  29:44  Marine  
  155  29:45  Marine  
  155  29:48  Marine x4  
Tags
 
Add a new tag
Caveats
  • Supply blocks, unpowered buildings, or Contaminate may cause inaccurate times.
  • Supply counts are checked every 10 seconds.